Map: Flashback EE

Players

shovani

  • Race: Terran Terran
  • League: Platinum
  • Spawn Location: 7:00

Odacar

  • Race: Terran Terran
  • League: Gold
  • Spawn Location: 7:00

CacaSeca

  • Race: Protoss Protoss
  • Spawn Location: 7:00

TATORREA

  • Race: Protoss Protoss
  • League: Silver
  • Spawn Location: 9:00

MrFercho

  • Race: Zerg Zerg
  • League: Silver
  • Spawn Location: 11:00

tigro

  • Race: Terran Terran
  • League: Bronze
  • Spawn Location: 11:00

VOD

Have the link to the VOD?

Description

Time

  • Played on: June 23, 2020, 7:41 p.m.
  • Length: 13:44
Show
View Real Time Build Order
Export as new Build Order

shovani Terran 

Build Orders:  

Get SALT Encoding   

  12  0:01  SCV  
  13  0:13  SCV  
  14  0:17  Supply Depot  
  14  0:26  SCV  
  15  0:39  SCV  
  15  0:40  Barracks  
  16  0:51  Barracks  
  16  0:52  SCV  
  17  1:00  Refinery  
  17  1:04  SCV  
  18  1:16  SCV, Refinery  
  19  1:31  Orbital Command  
  19  1:42  Reaper  
  19  1:46  Supply Depot  
  20  1:51  Reaper  
  21  1:57  SCV  
  22  2:11  SCV  
  23  2:16  Reaper  
  24  2:23  Reaper  
  24  2:28  Factory  
  25  2:37  SCV  
  25  2:40  Supply Depot  
  26  2:48  Marine  
  27  3:13  SCV  
  28  3:20  Command Center  
  28  3:21  Barracks Tech Lab  
  28  3:23  Starport  
  28  3:25  SCV  
  27  3:54  SCV  
  28  3:57  Barracks Reactor  
  28  4:02  Engineering Bay  
  28  4:04  Starport Reactor  
  28  4:07  SCV  
  28  4:08  Siege Tank  
  32  4:11  Barracks Tech Lab  
  32  4:19  SCV  
  33  4:31  SCV  
  34  4:35  Marine x2  
  34  4:36  Stimpack  
  34  4:37  Command Center, Marine  
  37  4:40  Medivac, Siege Tank  
  42  4:49  Orbital Command  
  42  4:52  SCV  
  43  5:03  Marine x3  
  43  5:04  SCV  
  43  5:07  Viking  
  49  5:15  Bunker  
  49  5:16  SCV  
  49  5:18  SCV  
  49  5:21  Medivac, Marine  
  54  5:31  Terran Infantry Weapons Level 1  
  54  5:34  Refinery  
  54  5:36  Supply Depot  
  54  5:48  SCV x2  
  56  6:01  SCV x2  
  56  6:03  Refinery  
  58  6:04  Orbital Command  
  58  6:07  Engineering Bay  
  58  6:13  Armory, SCV x2  
  58  6:14  Missile Turret  
  58  6:18  Supply Depot x2, Marine x2  
  61  6:21  Marauder  
  61  6:25  SCV x2  
  66  6:37  SCV x2  
  71  6:40  Marine x2, Siege Tank  
  71  6:41  Marine  
  71  6:43  Medivac x2  
  78  6:49  Terran Infantry Armor Level 1, SCV x2  
  80  6:55  Supply Depot  
  80  7:00  Marauder  
  82  7:01  SCV  
  82  7:03  Terran Vehicle Weapons Level 1  
  82  7:06  Infernal Pre-Igniter  
  83  7:09  SCV  
  83  7:11  Orbital Command  
  83  7:13  SCV  
  85  7:17  Supply Depot  
  85  7:20  Supply Depot  
  85  7:24  SCV  
  85  7:25  Supply Depot  
  85  7:26  Supply Depot  
  85  7:29  Siege Tank  
  89  7:30  Marine  
  89  7:33  Marine  
  89  7:35  Terran Infantry Weapons Level 2  
  91  7:59  SCV x3  
  94  8:11  SCV  
  95  8:13  Factory  
  95  8:15  Factory, SCV  
  95  8:16  Factory, Refinery, SCV  
  95  8:19  Refinery  
  97  8:23  Command Center, SCV  
  98  8:27  SCV  
  98  8:30  Medivac  
  98  8:31  Viking  
  98  8:32  Siege Tank  
  98  8:33  Marine x2  
  108  8:48  Combat Shield  
  108  8:56  Terran Infantry Armor Level 2  
  108  8:57  Marine x3  
  111  9:05  Factory Reactor, Factory Tech Lab x2  
  111  9:11  Barracks  
  111  9:13  Barracks  
  111  9:16  Barracks  
  111  9:17  Barracks  
  111  9:21  Barracks  
  111  9:22  SCV  
  111  9:23  SCV x2  
  114  9:24  Barracks  
  114  9:28  Siege Tank x2  
  114  9:29  Hellion  
  122  9:39  Marine x3  
  125  9:50  Hellion  
  127  9:57  Terran Infantry Weapons Level 3, Terran Vehicle Weapons Level 2, Marine x3  
  134  10:00  Hellion x2  
  134  10:01  Hellion x2  
  134  10:05  Barracks Reactor x2  
  134  10:06  Barracks Reactor, Barracks Tech Lab  
  138  10:07  Concussive Shells  
  138  10:08  Barracks Reactor  
  138  10:11  Barracks Tech Lab  
  138  10:14  Planetary Fortress  
  138  10:16  Marine x3  
  138  10:18  Siege Tank  
  138  10:20  Refinery  
  144  10:24  Refinery  
  144  10:31  SCV x3  
  147  10:36  Supply Depot  
  147  10:37  Supply Depot  
  147  10:38  Supply Depot  
  147  10:42  Marine  
  147  10:47  Supply Depot  
  148  10:56  Supply Depot  
  148  10:58  Marine x11  
  148  10:59  Supply Depot, SCV  
  160  11:16  Marauder  
  152  11:24  Hellion x2  
  152  11:25  Hellion x3, Marine x6  
  161  11:26  Marine x5  
  161  11:35  Marine  
  161  11:37  Marine  
  163  11:43  Marine  
  151  11:57  Siege Tank x3  
  151  11:58  Hellion x2, Marine x5  
  151  11:59  Marine x7  
  175  12:17  Marine x2  
  175  12:18  Marine x3  
  180  12:29  Marine x3, Siege Tank x3  
  189  12:33  Marine  
  189  12:34  Marauder, Marine  
  189  12:35  Marauder  
  195  12:51  Marauder  
  195  13:07  Supply Depot  
  195  13:08  Supply Depot  
  195  13:09  Supply Depot  
Show
View Real Time Build Order
Export as new Build Order

Odacar Terran 

Build Orders:  

Get SALT Encoding   

  12  0:02  SCV  
  13  0:20  SCV  
  14  0:21  Supply Depot  
  14  0:46  Barracks  
  14  0:47  SCV  
  15  0:59  SCV  
  16  1:11  SCV  
  17  1:23  SCV  
  18  1:34  Marine  
  18  1:36  Orbital Command  
  19  1:41  Refinery  
  19  1:52  Barracks, Marine  
  20  2:12  SCV  
  21  2:19  Command Center  
  21  2:24  SCV  
  22  2:36  SCV  
  23  2:44  Supply Depot  
  23  2:45  Supply Depot  
  23  2:54  Ghost Academy  
  23  2:59  Supply Depot  
  23  3:05  Marine, SCV  
  25  3:13  Refinery  
  25  3:17  SCV  
  26  3:23  Marine  
  27  3:29  SCV  
  27  3:33  Marine  
  29  3:34  Orbital Command  
  29  3:38  Factory  
  29  3:40  Marine  
  30  3:46  SCV  
  32  3:58  Marine, SCV  
  33  4:04  Barracks Tech Lab  
  33  4:10  SCV  
  33  4:13  Orbital Command  
  35  4:18  Barracks Reactor  
  35  4:23  SCV  
  35  4:29  Barracks Reactor  
  35  4:34  Factory Tech Lab  
  35  4:44  Starport  
  35  4:48  SCV x2  
  37  4:56  Marine x2  
  39  5:00  SCV x2  
  39  5:01  Siege Tank  
  44  5:12  SCV  
  45  5:14  Marine x2  
  47  5:23  SCV  
  47  5:27  Marine x2, Refinery  
  50  5:32  Marine x2  
  50  5:34  Barracks  
  50  5:35  SCV  
  53  5:41  Factory  
  53  5:42  Siege Tank  
  56  5:45  Marine x2  
  56  5:47  SCV  
  56  5:48  Supply Depot  
  56  5:49  Supply Depot  
  59  5:50  Supply Depot, Marine x2  
  59  5:52  SCV  
  62  6:09  Medivac, Marine  
  62  6:10  SCV x2  
  67  6:14  Starport  
  67  6:18  Marine x2  
  67  6:19  Marine  
  67  6:22  SCV x2  
  67  6:23  Barracks Tech Lab  
  72  6:27  Marine  
  73  6:34  SCV x2  
  73  6:36  Marine x3  
  73  6:39  Medivac  
  80  6:45  Marine  
  80  6:46  SCV x2  
  83  6:54  Marine x3  
  83  7:00  Refinery  
  83  7:01  Command Center  
  86  7:06  Supply Depot x2, Combat Shield  
  86  7:24  Factory Tech Lab  
  86  7:27  Supply Depot, Marine x5  
  91  7:30  Medivac x2  
  95  7:45  Marine x5  
  100  8:00  Medivac  
  100  8:03  Marine x5  
  107  8:10  SCV x2  
  107  8:12  Supply Depot  
  109  8:14  Supply Depot x2  
  109  8:16  Orbital Command  
  109  8:21  Marine x3  
  109  8:22  SCV x2  
  109  8:25  Stimpack  
  114  8:33  Engineering Bay  
  114  8:34  SCV x2  
  114  8:35  Armory  
  116  8:46  SCV x2  
  118  8:51  SCV  
  119  8:58  SCV x2  
  121  9:04  SCV  
  121  9:06  Factory  
  121  9:09  Factory  
  122  9:10  SCV  
  122  9:11  SCV  
  122  9:14  Siege Tank x2  
  122  9:16  SCV  
  131  9:23  SCV  
  132  9:46  Siege Tank x2  
  138  9:58  Supply Depot  
  138  9:59  Supply Depot x2  
  138  10:02  Marine x4  
  138  10:03  Command Center  
  142  10:07  Terran Infantry Weapons Level 1  
  142  10:11  Terran Vehicle Weapons Level 1  
  142  10:18  Factory Tech Lab, Siege Tank  
  142  10:19  Factory Tech Lab  
  145  10:26  Medivac  
  147  10:29  Marauder  
  147  10:31  Marine x4  
  153  10:42  Supply Depot  
  153  10:49  Marine x4  
  157  10:51  Marauder  
  159  11:07  Marine x4  
  163  11:12  Marauder  
  165  11:24  Marine  
  165  11:25  Marine x3  
  169  11:33  Marine  
  170  11:42  Marine x2  
  170  11:43  Marine x2  
  174  12:03  Marine  
  174  12:04  Marine x4  
  179  12:21  Marine  
  179  12:22  Marine x4  
  183  12:33  Siege Tank x4  
  195  12:39  Marine  
Show
View Real Time Build Order
Export as new Build Order

CacaSeca Protoss 

Build Orders: Chargelot Immortal 

Get SALT Encoding   

  12  0:03  Probe  
  13  0:19  Probe  
  14  0:29  Pylon  
  14  0:34  Pylon  
  14  0:37  Probe  
  15  0:45  Probe  
  16  0:53  Probe  
  16  1:01  Gateway  
  17  1:09  Gateway  
  17  1:17  Assimilator  
  17  1:22  Probe  
  18  1:30  Probe  
  18  1:39  Probe  
  20  2:13  Nexus  
  20  2:19  Cybernetics Core  
  20  2:23  Assimilator  
  20  2:29  Pylon  
  20  2:35  Probe  
  21  2:39  Warp Gate  
  21  2:47  Probe  
  22  2:51  Pylon  
  22  2:59  Probe  
  23  3:22  Pylon  
  23  3:24  Gateway  
  23  3:26  Gateway  
  23  3:27  Gateway  
  23  3:35  Gateway  
  23  3:44  Probe  
  24  3:52  Probe  
  24  4:00  Probe  
  25  4:04  Twilight Council  
  26  4:12  Probe  
  27  4:19  Pylon  
  27  4:23  Pylon, Probe  
  27  4:27  Pylon  
  27  4:31  Pylon, Probe  
  28  4:34  Pylon  
  29  4:39  Probe  
  30  4:51  Probe  
  31  5:01  Pylon  
  31  5:03  Charge, Probe  
  32  5:13  Pylon  
  32  5:30  Assimilator  
  32  5:37  Assimilator  
  32  5:53  Stalker  
  32  5:54  Stalker x2  
  32  5:55  Stalker  
  32  5:56  Stalker x2  
  44  6:16  Pylon  
  44  6:19  Pylon  
  44  6:25  Pylon  
  44  6:29  Robotics Facility x2  
  44  6:33  Robotics Facility  
  44  6:34  Blink  
  44  6:36  Stalker  
  44  6:37  Stalker  
  44  6:38  Stalker x2  
  52  6:40  Stalker  
  52  6:41  Stalker  
  56  7:25  Immortal  
  56  7:26  Immortal x2  
  68  7:42  Probe  
  68  7:50  Probe  
  70  7:59  Probe  
  70  8:03  Zealot  
  70  8:04  Zealot  
  70  8:05  Zealot x2  
  77  8:06  Zealot  
  77  8:07  Zealot  
  83  8:37  Immortal  
  83  8:38  Immortal  
  83  8:39  Immortal  
  95  8:44  Nexus  
  95  8:58  Assimilator  
  95  9:03  Assimilator  
  95  9:05  Pylon  
  95  9:16  Immortal  
  95  9:17  Immortal, Pylon  
  99  9:23  Pylon  
  103  9:30  Zealot  
  103  9:31  Zealot x2  
  107  9:32  Zealot  
  107  9:33  Zealot  
  107  9:34  Zealot  
  115  10:01  Stalker  
  115  10:02  Stalker  
  115  10:03  Stalker  
  115  10:04  Stalker  
  115  10:05  Stalker  
  115  10:06  Stalker  
  127  10:33  Zealot  
  127  10:34  Zealot x2  
  127  10:35  Zealot  
  135  10:36  Zealot  
  135  10:38  Zealot  
Show
View Real Time Build Order
Export as new Build Order

TATORREA Protoss 

Build Orders:  

Get SALT Encoding   

  12  0:02  Probe  
  13  0:14  Probe  
  14  0:26  Probe  
  14  0:27  Pylon  
  15  0:45  Probe  
  15  0:49  Gateway  
  16  0:58  Probe  
  17  1:09  Probe  
  18  1:17  Assimilator, Probe  
  18  1:21  Pylon  
  19  1:26  Probe  
  20  1:34  Probe  
  21  1:42  Probe  
  21  1:45  Assimilator  
  22  1:51  Probe  
  23  1:54  Cybernetics Core  
  23  1:56  Gateway  
  23  2:03  Probe  
  24  2:24  Probe  
  25  2:32  Forge  
  25  2:41  Pylon  
  25  2:44  Nexus  
  25  2:45  Pylon  
  25  2:49  Pylon  
  25  2:52  Pylon, Probe  
  26  3:00  Stalker  
  28  3:06  Stalker  
  28  3:11  Warp Gate  
  30  3:14  Probe  
  31  3:26  Probe  
  32  3:38  Probe  
  33  4:33  Photon Cannon  
  33  4:36  Photon Cannon  
  33  4:38  Shield Battery  
  33  4:47  Pylon  
  33  4:53  Probe x2  
  35  5:02  Assimilator  
  35  5:05  Assimilator, Probe  
  37  5:09  Probe  
  37  5:13  Stalker x2  
  41  5:17  Probe  
  42  5:21  Photon Cannon  
  42  5:24  Photon Cannon  
  42  5:27  Photon Cannon  
  42  5:29  Photon Cannon  
  42  5:31  Photon Cannon  
  42  5:34  Shield Battery  
  42  5:39  Shield Battery  
  42  5:43  Probe x2  
  44  5:53  Protoss Ground Weapons Level 1  
  44  5:55  Probe x2  
  46  6:03  Pylon  
  46  6:06  Pylon  
  46  6:07  Probe x2  
  46  6:10  Stalker  
  50  6:11  Stalker  
  52  6:19  Probe  
  53  6:47  Probe x2  
  55  6:55  Photon Cannon  
  55  6:56  Photon Cannon  
  55  6:58  Photon Cannon  
  55  6:59  Probe x2  
  57  7:02  Photon Cannon  
  57  7:04  Photon Cannon  
  57  7:06  Photon Cannon  
  57  7:08  Shield Battery  
  57  7:11  Shield Battery, Probe x2  
  57  7:12  Stalker x2  
  57  7:14  Shield Battery  
  63  7:21  Robotics Facility  
  63  7:25  Pylon  
  63  7:31  Gateway  
  63  7:32  Gateway  
  63  7:34  Gateway  
  63  7:36  Probe x2  
  65  7:38  Pylon  
  65  7:48  Probe x2  
  67  8:08  Probe x2  
  67  8:12  Nexus  
  69  8:14  Pylon  
  69  8:17  Pylon  
  69  8:20  Probe x2  
  71  8:32  Probe x2  
  73  8:38  Forge  
  73  8:39  Nexus  
  73  8:40  Forge, Pylon  
  73  8:41  Pylon  
  73  8:42  Robotics Bay  
  73  8:47  Protoss Ground Armor Level 1  
  73  8:49  Stargate  
  73  8:50  Probe x2  
  75  9:02  Probe  
  76  9:03  Probe  
  76  9:04  Immortal, Protoss Shields Level 1  
  81  9:17  Twilight Council, Probe x2  
  83  9:29  Probe x2  
  85  9:31  Extended Thermal Lance  
  85  9:37  Probe  
  86  9:41  Probe x2  
  86  9:44  Assimilator  
  88  9:48  Assimilator  
  88  9:49  Probe  
  89  9:54  Probe  
  89  9:57  Probe x2  
  92  10:01  Probe  
  92  10:03  Assimilator  
  92  10:06  Probe  
  94  10:07  Assimilator  
  94  10:09  Probe, Protoss Ground Weapons Level 2  
  95  10:20  Nexus  
  95  10:21  Pylon  
  95  10:24  Colossus, Pylon  
  95  10:27  Void Ray  
  105  10:40  Fleet Beacon  
  105  10:43  Probe x2  
  105  10:44  Probe x2, Templar Archives  
  109  10:55  Probe  
  110  11:08  Pylon  
  109  11:13  Stalker x2  
  109  11:14  Stalker  
  109  11:16  Stalker x2  
  70  11:38  Stalker  
  70  11:39  Stalker x4  
  74  11:46  Colossus  
  64  12:04  Tempest  
  67  12:29  Zealot x3  
Show
View Real Time Build Order
Export as new Build Order

MrFercho Zerg 

Build Orders: Hatch First, Lurkers 

Get SALT Encoding   

  12  0:04  Drone  
  13  0:21  Drone  
  14  0:41  Overlord  
  14  0:57  Hatchery, Drone  
  13  0:59  Drone x2  
  16  1:08  Drone  
  17  1:19  Spawning Pool  
  17  1:20  Drone  
  17  1:29  Drone  
  18  1:40  Drone  
  18  1:45  Extractor  
  18  1:51  Drone  
  19  2:01  Drone  
  19  2:05  Queen  
  22  2:11  Overlord  
  22  2:13  Drone  
  23  2:20  Drone  
  23  2:22  Queen  
  24  2:24  Overlord  
  26  2:30  Drone  
  26  2:34  Drone  
  28  2:41  Drone  
  29  2:50  Drone  
  30  2:51  Drone  
  30  2:55  Lair  
  31  3:10  Drone  
  31  3:11  Drone x2  
  31  3:12  Spine Crawler  
  32  3:19  Zergling x2  
  34  3:20  Zergling x6  
  34  3:24  Drone  
  37  3:27  Drone  
  38  3:35  Drone x2  
  38  3:41  Queen  
  42  3:49  Drone x2  
  42  3:51  Overlord x2  
  44  4:11  Drone x4  
  48  4:17  Extractor  
  48  4:21  Extractor  
  46  4:25  Drone x4  
  50  6:13  Hydralisk Den, Drone  
  50  6:14  Drone x2  
  50  6:15  Overlord x3  
  50  6:16  Overlord x2  
  52  6:28  Spore Crawler  
  52  6:31  Drone  
  52  6:46  Extractor  
  51  6:51  Grooved Spines  
  51  6:57  Drone x2  
  51  6:58  Drone, Infestation Pit  
  53  7:02  Drone x5  
  53  7:03  Hatchery  
  53  7:07  Hatchery  
  56  7:25  Spine Crawler  
  56  7:27  Overlord x8  
  55  7:33  Metabolic Boost  
  55  7:50  Drone x10  
  65  8:02  Muscular Augments  
  65  8:11  Spire  
  64  8:14  Hive  
  64  8:22  Lurker Den  
  64  8:23  Hydralisk x3  
  64  8:24  Hydralisk x9  
  87  8:40  Evolution Chamber, Hydralisk x5  
  96  8:43  Evolution Chamber  
  95  8:56  Zergling x2  
  95  8:57  Zergling x16  
  104  9:04  Drone x4  
  108  9:12  Queen  
  108  9:15  Drone x7  
  117  9:22  Extractor  
  117  9:23  Extractor  
  115  9:25  Drone  
  115  9:26  Drone x3  
  115  9:28  Extractor  
  118  9:33  Corruptor x3  
  124  9:46  Pneumatized Carapace  
  124  9:47  Burrow  
  124  9:49  Zerg Flyer Armor Level 1  
  124  9:52  Seismic Spines  
  124  10:08  Drone x3  
  124  10:09  Drone x7  
  124  10:10  Drone x6  
  124  10:11  Drone  
  141  10:18  Extractor  
  141  10:19  Corruptor x4  
  148  10:47  Spire  
  148  10:49  Drone  
  148  10:51  Hydralisk  
  148  10:52  Hydralisk x5  
  148  10:53  Overlord  
  148  10:54  Overlord x10  
  155  11:19  Lurker x3  
  155  11:20  Lurker  
  142  11:30  Hydralisk x4  
  128  11:33  Hydralisk  
  126  11:44  Zerg Flyer Weapons Level 1  
  126  11:47  Hydralisk x5  
  117  11:56  Hydralisk  
  117  11:57  Hydralisk x2  
  111  12:07  Hydralisk Den  
  99  12:08  Hydralisk x2  
  99  12:09  Spire  
  99  12:13  Hydralisk x2  
  95  12:24  Mutalisk x3  
  95  12:27  Zergling x10  
  77  12:48  Spine Crawler  
  67  12:51  Mutalisk x5  
  67  12:52  Spine Crawler x3, Mutalisk  
  67  12:58  Mutalisk  
Show
View Real Time Build Order
Export as new Build Order

tigro Terran 

Build Orders:  

Get SALT Encoding   

  12  0:03  SCV  
  13  0:15  SCV  
  14  0:26  Supply Depot  
  14  0:27  SCV  
  15  0:36  Refinery  
  15  0:41  Refinery  
  15  0:48  SCV  
  16  0:57  Barracks  
  16  1:00  SCV  
  17  1:12  SCV  
  17  1:16  Supply Depot  
  18  1:24  SCV  
  19  1:36  SCV  
  20  1:46  Marine  
  21  1:48  SCV  
  22  2:00  SCV  
  23  2:03  Marine  
  24  2:12  SCV  
  24  2:14  Barracks  
  25  2:21  Marine  
  26  2:25  Orbital Command  
  26  2:39  Marine, Engineering Bay  
  27  2:57  Marine  
  27  3:29  Barracks Reactor  
  27  3:31  Barracks Tech Lab  
  25  3:43  Factory, Terran Infantry Weapons Level 1  
  23  4:02  Combat Shield  
  23  4:17  Command Center  
  23  4:31  Starport, Factory Tech Lab  
  23  4:34  Marine x3  
  26  4:51  Marine  
  26  4:52  Marine x2  
  29  5:09  Marine x2  
  29  5:10  Medivac, Marine  
  34  5:21  Concussive Shells  
  34  5:27  Armory, Marine x3  
  37  5:37  Terran Infantry Armor Level 1  
  37  5:45  Marine x3  
  37  5:47  Refinery  
  40  5:56  Starport Tech Lab  
  52  6:04  Stimpack  
  40  6:15  Fusion Core  
  40  6:42  Thor  
  46  6:52  SCV  
  47  7:04  SCV  
  48  7:12  Starport  
  48  7:16  SCV  
  48  7:20  Refinery  
  49  7:28  SCV  
  50  7:31  Neosteel Armor  
  50  7:33  Thor  
  56  7:40  SCV  
  57  7:52  SCV  
  58  8:04  SCV  
  59  8:08  Supply Depot  
  59  8:16  SCV  
  60  8:28  SCV  
  60  8:30  Supply Depot  
  61  8:43  Starport Tech Lab  
  61  8:53  Supply Depot, Weapon Refit  
  61  9:11  Hi-Sec Auto Tracking  
  61  9:15  Supply Depot  
  62  9:31  SCV  
  62  9:43  SCV  
  63  9:52  Battlecruiser  
  75  9:53  Battlecruiser  
  75  9:55  SCV  
  76  10:07  SCV  
  77  10:15  Marine x2  
  77  10:16  Marine  
  77  10:19  SCV  
  81  10:31  SCV  
  81  10:33  Rapid Reignition System  
  82  10:39  Terran Infantry Weapons Level 2  
  82  10:50  Terran Vehicle Weapons Level 1  
  82  10:51  Command Center  
  82  10:57  Medivac, Battlecruiser  
  60  11:23  Marine x3  
  61  11:27  Medivac  
  61  11:30  Advanced Ballistics  
  51  11:41  Marine x3  
  52  11:57  Medivac  
  52  11:59  Marine x3  
  54  12:05  Refinery  
  32  12:16  Marine  
  32  12:17  Marine x2  
  24  12:34  Marine  
  24  12:35  Marine  
  24  12:36  Marine  
  17  12:58  Planetary Fortress  
Tags
 
Add a new tag
Caveats
  • Supply blocks, unpowered buildings, or Contaminate may cause inaccurate times.
  • Supply counts are checked every 10 seconds.